 Dungeon Crawl Stone Soup version 0.10.4 character file.

232 Oxelix the Chopper (level 4, -2/60 HPs)
             Began as a Minotaur Berserker on Feb 12, 2023.
             Was a Believer of Trog.
             Slain by an orc
             ... wielding a +0,+0 orcish trident
              (12 damage)
             ... on Level 3 of the Dungeon.
             The game lasted 00:05:33 (2127 turns).

Oxelix the Chopper (Minotaur Berserker)             Turns: 2127, Time: 00:05:33

HP  -2/60        AC  3     Str 28      XL: 4   Next: 85%
MP   1/1         EV 10     Int  4      God: Trog [**....]
Gold 116         SH  5     Dex  9      Spells:  0 memorised,  3 levels left

Res.Fire  : . . .   See Invis. : .   a - +0 hand axe {=f}
Res.Cold  : . . .   Warding    : . . b - +0 orc leather armour
Life Prot.: . . .   Conserve   : .   d - +0 buckler
Res.Acid. : . . .   Res.Corr.  : .   (helmet restricted)
Res.Poison: .       Clarity    : .   (no cloak)
Res.Elec. : .       Spirit.Shd : .   (no gloves)
Sust.Abil.: . .     Stasis     : .   (no boots)
Res.Mut.  : .       Ctrl.Telep.: .   (no amulet)
Res.Rott. : .       Levitation : .   (no ring)
Saprovore : . . .   Ctrl.Flight: .   (no ring)

@: berserking, very quick, slightly resistant to hostile enchantments, extremely
unstealthy
A: retaliatory headbutt, horns 2
a: Burn Spellbooks, Berserk, Trog's Hand, Renounce Religion


You were on level 3 of the Dungeon.
You worshipped Trog.
Trog was most pleased with you.
You were very hungry.

You visited 1 branch of the dungeon, and saw 3 of its levels.

You collected 96 gold pieces.

Inventory:

Hand weapons
 a - a +0,+0 hand axe (weapon) {=f}
Armour
 b - a +0 orcish leather armour (worn)
 d - a +0 buckler (worn)
Comestibles
 c - 2 bread rations
 g - an apple
 i - 2 chunks of human flesh
 m - a meat ration
 n - a slice of pizza
 s - a rotting chunk of goblin flesh
 t - a pear
Scrolls
 e - a scroll of detect curse {unknown}
 f - a scroll of enchant weapon II {unknown}
 j - a scroll of magic mapping {unknown}
 k - a scroll of curse armour {unknown}
 o - a scroll of enchant armour {unknown}
 p - a scroll of random uselessness {unknown}
 q - a scroll of fog {unknown}
Potions
 h - 3 potions of curing {unknown}
 l - a potion of speed {unknown}
 r - a potion of heal wounds {unknown}


   Skills:
 + Level 5.1 Fighting
 * Level 6.5 Axes
 - Level 2.4 Armour
 - Level 2.1 Dodging


You had 3 spell levels left.
You didn't know any spells.

Dungeon Overview and Level Annotations

Branches:
Dungeon (3/27)

Altars:
Makhleb


Innate Abilities, Weirdness & Mutations

You reflexively headbutt those who attack you in melee.
You have a pair of horns on your head.


Message History

Trog accepts your kill. You block the orc's attack.
The orc priest mumbles some strange prayers to Beogh against you.
Something smites you!
Use which ability? (? or * to list)
A red film seems to cover your vision as you go berserk!
You feel yourself moving faster!
You feel mighty!
You feel somewhat more hungry.
You are feeling very hungry.
The orc wizard casts a spell at you. The puff of flame misses you.
The orc hits you from afar with an orcish trident.
* * * LOW HITPOINT WARNING * * *
The orc priest hits you with an orcish hammer.
* * * LOW HITPOINT WARNING * * *
You smell something rotten. (slot s)
You slash the orc priest!
The orc priest is severely wounded.
The orc hits you from afar with an orcish trident!
You die...

###
################.#
#................#
#.##############.#
#.# #.# #@# #.#
#....)o..# #.#
#...oo...# #.#
#....o.(.# #.#
#........# #.#
#........# #.#
#.......## #.#
.......#
#########.# ...
........#.#


You could see an orc priest, an orc wizard and 2 orcs.

Vanquished Creatures
  Ijyb (D:2)
  Jessica (D:3)
  4 adders
  2 giant geckos (D:2)
  2 oozes (D:2)
  An orc (D:3)
  6 bats
  5 hobgoblins
  5 kobolds
  2 giant newts (D:2)
  8 goblins
  6 rats
43 creatures vanquished.

Vanquished Creatures (others)
  A toadstool (D:2)
1 creature vanquished.

Grand Total: 44 creatures vanquished

Notes
Turn   | Place    | Note
--------------------------------------------------------------
     0 | D:1      | Oxelix, the Minotaur Berserker, began the quest for the Orb.
     0 | D:1      | Reached XP level 1. HP: 19/19 MP: 0/0
   316 | D:1      | Reached skill level 4 in Axes
   525 | D:1      | Reached XP level 2. HP: 24/26 MP: 0/0
  1022 | D:2      | Reached skill level 5 in Axes
  1030 | D:2      | Reached XP level 3. HP: 20/33 MP: 1/1
  1265 | D:2      | Found a burning altar of Makhleb.
  1494 | D:2      | Noticed Ijyb
  1504 | D:2      | Killed Ijyb
  1504 | D:2      | Reached skill level 6 in Axes
  1504 | D:2      | Reached XP level 4. HP: 40/40 MP: 1/1
  1709 | D:2      | Acquired Trog's second power
  1911 | D:3      | Reached skill level 5 in Fighting
  1965 | D:3      | Noticed Jessica
  1973 | D:3      | Killed Jessica
  2127 | D:3      | Slain by an orc
